 Dungeon Crawl Stone Soup version 0.20.1-1-g8b1a95d (webtiles) character file.

143504 vineage the Warrior (level 16, -4/155 HPs)
             Began as a Minotaur Berserker on Aug 3, 2017.
             Was a High Priest of Trog.
             Killed from afar by a shock serpent (9 damage)
             ... with a bolt of electricity
             ... on level 4 of the Snake Pit.
             The game lasted 01:46:50 (27044 turns).

vineage the Warrior (Minotaur Berserker)           Turns: 27044, Time: 01:46:52

Health: -4/155     AC: 27    Str: 37    XL:     16   Next: 82%
Magic:  15/15      EV: 13    Int:  8    God:    Trog [*****.]
Gold:   1359       SH: 20    Dex: 15    Spells: 15/15 levels left

rFire    . . .     SeeInvis .   F - +9 demon blade (drain)
rCold    . . .     Gourm    .   Z - -1 shield "Ludwafra" {Int+2}
rNeg     + . .     Faith    .   p - +4 chain mail
rPois    +         Spirit   .   m - +0 hat
rElec    .         Reflect  +   H - +1 cloak
rCorr    .         Harm     .   N - +1 pair of gloves of the Republic {rN+ Dex+4}
MR       +++..                  v - +0 pair of boots {run}
Stlth    ..........             f - +3 amulet of reflection
Regen    1.4/turn               y - +4 ring of strength
MPRegen  0.2/turn               W - ring of poison resistance

@: mighty, berserk cooldown, flying, regenerating, slowed, very slow
A: retaliatory headbutt, horns 2, large bone plates 1, molten scales 1, clever 1
a: Berserk, Trog's Hand, Brothers in Arms, Burn Spellbooks, Renounce Religion


You were on level 4 of the Snake Pit.
You worshipped Trog.
Trog was extremely pleased with you.
You were not hungry.

You visited 5 branches of the dungeon, and saw 28 of its levels.
You visited 1 bazaar.
You also visited: Labyrinth and Bailey.

You collected 2767 gold pieces.
You spent 1408 gold pieces at shops.

Inventory:

Hand Weapons
 j - a +2 antimagic bardiche
 k - a +1 great sword of slicing
 F - a +9 demon blade of draining (weapon)
 G - a +9 vampiric flail
 P - a +3 great sword of venom
Armour
 m - a +0 hat (worn)
 p - a +4 chain mail (worn)
 v - a +0 pair of boots of running (worn)
 H - a +1 cloak (worn)
 N - the +1 pair of gloves of the Republic (worn) {rN+ Dex+4}
   (You bought it in a shop in a bazaar)

   It affects your dexterity (+4).
   It protects you from negative energy.
 Z - the -1 shield "Ludwafra" (worn) {Int+2}
   (You bought it in a shop on level 2 of the Orcish Mines)

   It affects your intelligence (+2).
Jewellery
 f - a +3 amulet of reflection (around neck)
 q - a +4 ring of protection
 y - a +4 ring of strength (left hand)
 E - an uncursed ring of protection from magic
 J - an uncursed ring of protection from fire
 W - a ring of poison resistance (right hand)
Scrolls
 e - a scroll of blinking
 i - 2 scrolls of silence
 o - 9 scrolls of teleportation
 s - 2 scrolls of torment
 z - a scroll of summoning
 B - 6 scrolls of magic mapping
 I - a scroll of acquirement {unknown}
 K - a scroll of fear {unknown}
 L - 10 scrolls of remove curse
 Q - 6 scrolls of recharging
 R - 6 scrolls of enchant weapon
 S - 2 scrolls of fog
 U - 2 scrolls of brand weapon
 V - 2 scrolls of immolation
 X - 2 scrolls of holy word
Potions
 a - a potion of invisibility
 g - 2 potions of ambrosia
 l - 2 potions of might
 n - 3 potions of resistance
 t - 3 potions of magic
 u - 3 potions of haste
 w - 3 potions of flight
 A - 9 potions of curing
 D - 2 potions of lignification
 M - a potion of brilliance
 T - 2 potions of mutation
 Y - 4 potions of cancellation
Miscellaneous
 b - a phantom mirror
 c - a fan of gales
 x - a phial of floods
 O - a lamp of fire
Comestibles
 d - a meat ration
 r - a royal jelly
 C - 2 bread rations


   Skills:
 + Level 17.5 Fighting
 + Level 10.5 Long Blades
 + Level 17.3 Maces & Flails
 + Level 11.1 Polearms
 + Level 17.0 Armour
 + Level 6.3 Dodging
 + Level 2.3 Stealth
 + Level 11.3 Shields


You had 15 spell levels left.
You didn't know any spells.

Dungeon Overview and Level Annotations

Branches:
Dungeon (15/15)            Temple (0/1) D:4            Lair (6/6) D:9
 Shoals (0/4) Lair:2        Snake (4/4) Lair:3        Slime (0/5) Lair:5
    Orc (2/2) D:10            Elf (1/3) Orc:2        Vaults (0/5) D:13
 Depths (0/5) D:15

Altars:
Cheibriados
Fedhas
Hepliaklqana
Nemelex Xobeh
Sif Muna
Xom
Zin
Beogh

Shops:
D:5 }   Orc:2 [([!

Annotations:
Lair:5 exclusion: 5 oklob plants


Innate Abilities, Weirdness & Mutations

You reflexively headbutt those who attack you in melee.
You have a pair of horns on your head.
You are partially covered in large bone plates. (SH +4)
You are partially covered in molten scales. (AC +2)
Your mind is acute. (Int +2)


Message History

The naga barely misses you.
The shock serpent shoots out a bolt of lightning at you!
The bolt of electricity hits you!
* * * LOW HITPOINT WARNING * * *
The black mamba closely misses you. You furiously retaliate!
You headbutt the black mamba.
You hear a shout! x2
You slice the shock serpent!! You drain the shock serpent!
The shock serpent is heavily wounded.
The shock serpent's electric aura discharges, shocking you!
* * * LOW HITPOINT WARNING * * *
The black mamba bites you.
* * * LOW HITPOINT WARNING * * *
The shock serpent bites you but does no damage.
You block the black mamba's attack.
The naga hits you from afar with a halberd.
* * * LOW HITPOINT WARNING * * *
The shock serpent shoots out a bolt of lightning at you!
The bolt of electricity hits you!
You die...

....##...# #N.. .....##...#
#...# ...... #..(# #...#
......# #..N##...# .......
#.N(...# .......## #....#
### ........####''##.# #.#
........##()S....###.##
.......@##N####.###.#.#
......SS#((.# ##.##.##
.......)N)..# #..###..
......##....## ##.###..#
.##... #.....###.###...#
###....##......#.##.....#
....###..#..(.....#.......
.............##............
.............##..##......#.


You could see a shock serpent, a black mamba and a naga.

Vanquished Creatures
  Gastronok (Lair:3)
  An azure jelly (Snake:2)
  4 nagarajas
  An orc warlord (Orc:2)
  A dire elephant (Lair:6)
  Nessos (Orc:2)
  A minotaur (Lab)
  A fire dragon (D:15)
  Josephine (Lair:5)
  A great orb of eyes (D:15)
  Erolcha (D:9)
  9 hydras
  A catoblepas (Lair:6)
  Harold (Lair:1)
  6 anacondas
  11 naga warriors
  A death knight (D:14)
  6 death yaks (Lair:6)
  A deep troll shaman (Lair:6)
  4 centaur warriors
  2 naga sharpshooters
  5 two-headed ogres
  2 tengu warriors
  3 shock serpents
  An orc high priest (Orc:1)
  Urug (Orc:1)
  Sonja (D:10)
  A skeletal warrior (D:13)
  An unseen horror (D:14)
  A salamander mystic (Snake:2)
  A lindwurm (Lair:5)
  4 naga ritualists
  3 mana vipers
  A wizard (D:15)
  Pikel (D:7)
  2 orc knights
  A deep elf mage (Elf:1)
  4 cyclopes
  4 ugly things (D:15)
  An orc sorcerer (Orc:1)
  7 salamanders
  A manticore (D:15)
  5 slime creatures (D:13)
  A centaur zombie (D:15)
  11 elephants
  5 guardian serpents
  10 naga magi
  Joseph (D:7)
  35 black mambas
  Psyche (D:9)
  8 spiny frogs
  A torpor snail (Lair:5)
  3 gargoyles
  A rime drake (Lair:4)
  7 yaktaurs
  An efreet (D:14)
  2 freezing wraiths (Snake:2)
  6 komodo dragons
  4 trolls
  3 meliai (D:14)
  3 hornets
  3 polar bears (Lair:6)
  Grinder (D:5)
  4 blink frogs (Lair:6)
  A dream sheep (shapeshifter) (D:15)
  9 hippogriffs
  9 dream sheep
  2 shadows
  5 wyverns
  45 yaks
  2 basilisks
  8 wraiths
  2 humans (Orc:2)
  2 hungry ghosts
  2 vampire mosquitoes (D:15)
  41 nagas
  Edmund (D:5)
  4 wargs
  A soldier ant (D:13)
  3 acid dragons
  25 water moccasins
  7 porcupines
  A slave (D:7)
  3 ice beasts
  4 sky beasts
  A black bear (shapeshifter) (D:13)
  4 black bears
  42 orc warriors
  An eye of draining (D:13)
  4 phantoms
  10 ogres
  21 centaurs
  15 wolves
  13 crocodiles
  24 bullfrogs
  A gnoll sergeant (D:12)
  9 scorpions
  2 wyvern skeletons
  14 killer bees
  4 howler monkeys
  8 wights
  2 electric eels (Lair:1)
  2 lava snakes (D:14)
  9 crimson imps
  The ghost of Xelenos the Sneak, a weakling SpAs (D:3)
  A bullfrog zombie (D:8)
  3 quasits
  A jelly (D:13)
  32 orc wizards
  Crazy Yiuf (D:5)
  3 iguanas
  16 orc priests
  11 hounds
  4 bullfrog skeletons
  10 centaur skeletons
  15 worker ants
  A hound skeleton (D:7)
  Robin (D:3)
  5 adders
  5 gnolls
  3 shadow imps
  An ooze (D:1)
  An adder skeleton (D:4)
  An adder zombie (D:7)
  2 worms
  5 dart slugs
  A leopard gecko (D:10)
  110 orcs
  8 bats
  5 giant cockroaches
  7 goblins
  10 hobgoblins
  12 jackals
  7 quokkas
  2 ball pythons (D:3)
  2 frilled lizards (D:1)
  14 kobolds
  A leopard gecko skeleton (D:7)
  A leopard gecko zombie (D:5)
  2 quokka skeletons
  8 rats
  2 fungi (D:9)
  2 plants
898 creatures vanquished.

Vanquished Creatures (collateral kills)
  An orc warlord (Orc:2)
  2 naga warriors (Snake:3)
  An anaconda (Snake:4)
  A shock serpent (Snake:3)
  A naga sharpshooter (Snake:3)
  2 orc high priests (Orc:2)
  A salamander mystic (Snake:3)
  A naga ritualist (Snake:4)
  3 naga magi (Snake:3)
  2 black mambas (Snake:3)
  A troll (D:10)
  2 yaks (D:10)
  A warg (Orc:2)
  3 nagas
  8 orc warriors (Orc:2)
  An ogre (Orc:2)
  A bullfrog (D:10)
  2 orc priests (Orc:2)
  3 orc wizards (Orc:2)
  An adder (D:10)
  9 orcs (Orc:2)
47 creatures vanquished.

Vanquished Creatures (others)
  A naga warrior (Snake:3)
  An unseen horror (D:15)
  A spriggan (D:7)
  2 slaves (D:7)
  4 kobolds (Bailey)
  7 fungi
16 creatures vanquished.

Grand Total: 961 creatures vanquished

Notes
Turn   | Place    | Note
-------+----------+-------------------------------------------
     0 | D:1      | vineage the Minotaur Berserker began the quest for the Orb.
     0 | D:1      | Reached XP level 1. HP: 19/19 MP: 0/0
   376 | D:1      | Reached XP level 2. HP: 27/27 MP: 1/1
   450 | D:1      | Reached XP level 3. HP: 17/33 MP: 2/2
   553 | D:1      | Reached ** piety under Trog
   997 | D:2      | Found a sparkling altar of Nemelex Xobeh.
  1461 | D:3      | Noticed Xelenos's ghost (weakling SpAs)
  1477 | D:3      | Killed Xelenos's ghost
  1477 | D:3      | Reached XP level 4. HP: 31/41 MP: 3/3
  1854 | D:3      | Noticed Robin
  1880 | D:3      | Killed Robin
  2182 | D:3      | Reached XP level 5. HP: 44/47 MP: 4/4
  2343 | D:3      | Reached skill level 5 in Polearms
  2482 | D:4      | You fall through a shaft for 2 floors!
  2502 | D:5      | Entered Level 5 of the Dungeon
  2605 | D:4      | Reached *** piety under Trog
  2605 | D:4      | Reached skill level 5 in Fighting
  2688 | D:4      | Found a sparkling altar of Nemelex Xobeh.
  2703 | D:4      | Reached XP level 6. HP: 56/56 MP: 5/5
  2791 | D:4      | Found a staircase to the Ecumenical Temple.
  2949 | D:4      | Reached XP level 7. HP: 15/62 MP: 6/6
  3403 | D:5      | Found Kosowikh's Gadget Shop.
  3980 | D:5      | Reached skill level 5 in Armour
  3995 | D:5      | Reached XP level 8. HP: 54/71 MP: 7/7
  4154 | D:5      | Noticed Grinder
  4155 | D:5      | Noticed Edmund
  4157 | D:5      | Received a gift from Trog
  4177 | D:5      | Killed Edmund
  4200 | D:5      | Killed Grinder
  4247 | D:5      | Found a runed door.
  4255 | D:5      | Noticed Crazy Yiuf
  4257 | D:5      | Killed Crazy Yiuf
  4257 | D:5      | Reached skill level 1 in Stealth
  4349 | D:6      | Reached skill level 1 in Maces & Flails
  4380 | D:6      | Reached **** piety under Trog
  4619 | D:6      | Found a deep blue altar of Sif Muna.
  5048 | D:7      | Reached XP level 9. HP: 81/81 MP: 8/8
  5095 | D:7      | Noticed Joseph
  5109 | D:7      | Killed Joseph
  5132 | D:7      | Found a snail-covered altar of Cheibriados.
  5151 | D:7      | Reached skill level 5 in Maces & Flails
  5294 | D:7      | Noticed Pikel
  5311 | D:7      | Killed Pikel
  5741 | D:8      | Found a hazy altar of Hepliaklqana.
  5811 | D:8      | Reached XP level 10. HP: 80/90 MP: 9/9
  5875 | D:8      | Noticed a two-headed ogre
  5882 | D:8      | Killed a two-headed ogre
  6060 | D:8      | Found a glowing silver altar of Zin.
  6376 | D:9      | Noticed Erolcha
  6383 | D:9      | Killed Erolcha
  6383 | D:9      | Reached skill level 10 in Maces & Flails
  6386 | D:9      | Gained mutation: You are partially covered in iridescent scales. (AC +2) [potion of mutation]
  6386 | D:9      | Gained mutation: You are frail. (-10% HP) [potion of mutation]
  6386 | D:9      | Gained mutation: You are occasionally teleported next to monsters. [potion of mutation]
  6386 | D:9      | Gained mutation: You have a somewhat thin skeletal structure. (Dex +2, Stealth) [potion of mutation]
  6387 | D:9      | Lost mutation: You are frail. (-10% HP) [potion of mutation]
  6387 | D:9      | Lost mutation: You have a somewhat thin skeletal structure. (Dex +2, Stealth) [potion of mutation]
  6387 | D:9      | Lost mutation: You are occasionally teleported next to monsters. [potion of mutation]
  6387 | D:9      | Lost mutation: You are partially covered in iridescent scales. (AC +2) [potion of mutation]
  6387 | D:9      | Gained mutation: You are partially covered in molten scales. (AC +2) [potion of mutation]
  6387 | D:9      | Gained mutation: You are partially covered in large bone plates. (SH +4) [potion of mutation]
  6438 | D:9      | Noticed Psyche
  6444 | D:9      | Killed Psyche
  6444 | D:9      | Reached ***** piety under Trog
  6447 | D:9      | Reached skill level 10 in Fighting
  6453 | D:9      | Noticed a gargoyle
  6520 | D:8      | Killed a gargoyle
  6866 | D:9      | Found a staircase to the Lair.
  7308 | D:9      | Noticed a two-headed ogre
  7316 | D:9      | Killed a two-headed ogre
  7316 | D:9      | Reached skill level 10 in Armour
  7316 | D:9      | Reached XP level 11. HP: 101/101 MP: 10/10
  7325 | D:10     | Entered Level 10 of the Dungeon
  7548 | D:10     | Found a staircase to the Orcish Mines.
  7728 | D:10     | Noticed Sonja
  7732 | D:10     | Noticed a tengu warrior
  7775 | D:10     | Killed a tengu warrior
  7913 | D:10     | Found a flagged portal.
  7926 | Bailey   | Entered a bailey
  8654 | D:10     | Killed Sonja
  9354 | D:11     | Noticed a two-headed ogre
  9357 | D:11     | Noticed a tengu warrior
  9363 | D:11     | Killed a two-headed ogre
  9372 | D:11     | Killed a tengu warrior
  9544 | D:11     | Reached XP level 12. HP: 110/110 MP: 11/11
  9720 | D:11     | Received a gift from Trog
 10174 | D:12     | Noticed a two-headed ogre
 10175 | D:12     | Noticed a five-headed hydra
 10182 | D:12     | Killed a two-headed ogre
 10185 | D:12     | Killed a five-headed hydra
 11063 | D:13     | Reached skill level 15 in Maces & Flails
 11110 | D:13     | Noticed an eight-headed hydra
 11121 | D:13     | Killed an eight-headed hydra
 11129 | D:13     | Received a gift from Trog
 11155 | D:13     | Noticed a centaur warrior
 11163 | D:13     | Killed a centaur warrior
 11169 | D:13     | Reached XP level 13. HP: 122/122 MP: 5/12
 11538 | D:13     | Reached skill level 5 in Dodging
 11682 | D:13     | Found a gate to the Vaults.
 12126 | D:14     | Noticed a fire giant
 13100 | D:15     | Entered Level 15 of the Dungeon
 13342 | D:15     | Received a gift from Trog
 13345 | D:15     | Noticed a fire dragon
 13362 | D:15     | Killed a fire dragon
 13529 | D:15     | Gained mutation: Your mind is acute. (Int +2) [mutagenic meat]
 13828 | D:15     | Reached XP level 14. HP: 133/133 MP: 13/13
 13977 | D:15     | Reached skill level 15 in Armour
 14114 | D:15     | Found a staircase to the Depths.
 14600 | Orc:1    | Entered Level 1 of the Orcish Mines
 14601 | Orc:1    | Paralysed by an orc sorcerer for 2 turns
 14617 | Orc:1    | Reached skill level 15 in Fighting
 14777 | Orc:1    | Noticed Urug
 14788 | Orc:1    | Killed Urug
 14860 | Orc:2    | Entered Level 2 of the Orcish Mines
 15042 | Orc:2    | Found a roughly hewn altar of Beogh.
 15108 | Orc:2    | Found a roughly hewn altar of Beogh.
 15142 | Orc:2    | Found a gateway to a bazaar.
 15209 | Orc:2    | Noticed an orc warlord
 15224 | Orc:2    | Killed an orc warlord
 15280 | Orc:2    | Found a roughly hewn altar of Beogh.
 15313 | Orc:2    | Found Ikkicezo's Distillery.
 15318 | Orc:2    | Bought a potion of curing for 48 gold pieces
 15326 | Orc:2    | Noticed Nessos
 15339 | Orc:2    | Killed Nessos
 15390 | Orc:2    | Found a roughly hewn altar of Beogh.
 15398 | Orc:2    | Found Fusun's Antique Armour Shop.
 15407 | Orc:2    | Bought a pair of boots for 162 gold pieces
 15407 | Orc:2    | Bought a faintly glowing shield for 342 gold pieces
 15407 | Orc:2    | Bought an embroidered scarf for 288 gold pieces
 15413 | Orc:2    | Identified the cursed -1 shield "Ludwafra" {Int+2} (You bought it in a shop on level 2 of the Orcish Mines)
 15515 | Orc:2    | Found a staircase to the Elven Halls.
 15522 | Orc:2    | Reached ****** piety under Trog
 15606 | Orc:2    | Found a roughly hewn altar of Beogh.
 15718 | Orc:2    | Received a gift from Trog
 15770 | Orc:2    | Noticed an orc warlord
 15771 | Orc:2    | Reached skill level 1 in Shields
 15786 | Orc:2    | Killed an orc warlord
 15798 | Orc:2    | Found Laskoh's Antique Armour Shoppe.
 15804 | Orc:2    | Found a roughly hewn altar of Beogh.
 15807 | Orc:2    | Found Cihui's Antique Weapon Emporium.
 15882 | Bazaar   | Entered a bazaar
 15898 | Bazaar   | Found Juseub's Armour Emporium.
 15923 | Bazaar   | Found Cuddagav's Magic Scroll Shoppe.
 15938 | Bazaar   | Found Guloz's Antique Armour Shoppe.
 15938 | Bazaar   | Found Nuubluedgh's Armour Emporium.
 15985 | Bazaar   | Bought a pair of runed boots for 165 gold pieces
 16015 | Bazaar   | Bought a scroll of identify for 18 gold pieces
 16015 | Bazaar   | Bought a scroll of identify for 18 gold pieces
 16015 | Bazaar   | Bought a scroll of identify for 18 gold pieces
 16039 | Bazaar   | Bought the +1 pair of gloves of the Republic {rN+ Dex+4} for 349 gold pieces
 16049 | Bazaar   | Identified a +0 pair of boots of running (You bought it in a shop in a bazaar)
 16172 | Elf:1    | Entered Level 1 of the Elven Halls
 16455 | Orc:1    | Received a gift from Trog
 16913 | Lair:1   | Entered Level 1 of the Lair of Beasts
 17035 | Lair:1   | Noticed Harold
 17053 | Lair:1   | Killed Harold
 17219 | Lair:1   | Found a labyrinth entrance.
 17247 | Lab      | Entered a labyrinth
 18551 | Lair:2   | Found a staircase to the Shoals.
 18967 | Lair:3   | Reached skill level 5 in Shields
 19014 | Lair:3   | Noticed Gastronok
 19041 | Lair:3   | Killed Gastronok
 19169 | Lair:3   | Found a staircase to the Snake Pit.
 19476 | Lair:4   | Reached XP level 15. HP: 144/144 MP: 14/14
 19642 | Lair:4   | Received a gift from Trog
 20083 | Lair:5   | Noticed Josephine
 20087 | Lair:5   | Found a blossoming altar of Fedhas.
 20091 | Lair:5   | Killed Josephine
 20104 | Lair:5   | Received a gift from Trog
 20659 | Lair:5   | Found a staircase to the Slime Pits.
 20955 | Lair:5   | Reached skill level 10 in Polearms
 21030 | Lair:6   | Entered Level 6 of the Lair of Beasts
 21865 | Lair:6   | Received a gift from Trog
 22559 | Snake:1  | Entered Level 1 of the Snake Pit
 22977 | Snake:2  | Reached skill level 1 in Long Blades
 24085 | Snake:2  | Reached skill level 5 in Long Blades
 24315 | Snake:2  | Reached XP level 16. HP: 119/155 MP: 15/15
 24486 | Snake:2  | Found a shimmering altar of Xom.
 24581 | Snake:2  | Received a gift from Trog
 24836 | Snake:2  | Gained mutation: You evolve. [mutagenic meat]
 25306 | Snake:2  | Lost mutation: You evolve. [evolution]
 25360 | Snake:2  | You fall through a shaft!
 25996 | Snake:3  | Reached skill level 10 in Shields
 26317 | Snake:3  | Received a gift from Trog
 26642 | Snake:4  | Entered Level 4 of the Snake Pit
 26915 | Snake:4  | Reached skill level 10 in Long Blades
 27044 | Snake:4  | HP: 5/155 [naga/halberd (3)]
 27044 | Snake:4  | Killed from afar by a shock serpent

Skill      XL: |  1  2  3  4  5  6  7  8  9 10 11 12 13 14 15 16 |
---------------+-------------------------------------------------+-----
Polearms       | 4 5 7 8 9 11 | 11.1
Fighting       | 4 5 6 7 8 10 11 13 14 16 17 | 17.5
Dodging        | 3 4 5 6 |  6.3
Armour         | 3 4 5 6 8 10 11 12 14 15 16 17 | 17.0
Stealth        | 1 2 |  2.3
Maces & Flails | 3 8 11 13 15 16 17 | 17.3
Shields        | 6 9 11 | 11.3
Long Blades    | 5 10 | 10.5

Action                   |  1- 3 |  4- 6 |  7- 9 | 10-12 | 13-15 | 16-18 || total
-------------------------+-------+-------+-------+-------+-------+-------++-------
Melee: Spear             |   114 |   148 |   180 |       |       |       ||   442
       Headbutt          |    14 |    26 |    58 |   150 |   380 |    92 ||   720
       Flail             |       |       |   205 |   638 |  1196 |       ||  2039
       Demon blade       |       |       |       |       |   114 |   275 ||   389
       Bardiche          |       |       |       |       |   112 |       ||   112
Invok: Trog's Hand       |       |       |       |     2 |    11 |     3 ||    16
       Brothers in Arms  |       |       |       |     2 |     2 |     3 ||     7
       Berserk           |       |       |       |     3 |     5 |     2 ||    10
  Use: Scroll            |     3 |     1 |    19 |    10 |    20 |       ||    53
       Potion            |       |     1 |       |     4 |     8 |     6 ||    19
 Stab: Distracted        |       |       |       |       |       |     1 ||     1
  Eat: Bread ration      |     1 |     1 |       |     2 |     9 |     1 ||    14
       Fruit             |       |     1 |     1 |     4 |    17 |       ||    23
       Chunk             |       |       |     4 |     3 |     4 |     1 ||    12
       Meat ration       |       |       |     1 |     2 |     2 |     1 ||     6
       Royal jelly       |       |       |       |       |     3 |     1 ||     4
Armor: Animal skin       |     7 |       |       |       |       |       ||     7
       Plate armour      |    30 |    70 |   240 |   435 |   989 |    96 ||  1860
       Skin              |       |       |       |       |     3 |       ||     3
       Chain mail        |       |       |       |       |       |    31 ||    31
Dodge: Dodged            |    41 |    52 |   116 |   292 |   571 |   119 ||  1191
Block: Other             |       |       |    18 |   176 |   163 |       ||   357
       Reflection        |       |       |       |    34 |    14 |    27 ||    75
       Shield            |       |       |       |       |   575 |   323 ||   898
       Rpst.: Demon blade |       |       |       |       |    15 |    22 ||    37
